 Dungeon Crawl Stone Soup version 0.31.0-32-g396128a36d (webtiles) character file.

Game seed: 11258906447704739110

37853 Whimmes the Metamorph (level 13, -14/133 HPs)
             Began as a Barachi Shapeshifter on Apr 3, 2024.
             Was an Initiate of Gozag.
             Demolished by a large slime creature (29 damage)
             ... on level 1 of the Lair of Beasts on Apr 4, 2024.
             The game lasted 02:47:27 (15782 turns).

Whimmes the Metamorph (Barachi Shapeshifter)       Turns: 15782, Time: 02:47:29

Health: -14/133    AC: 31    Str: 21    XL:     13   Next: 99%
Magic:  13/13      EV: 13    Int: 10    God:    Gozag
Gold:   407        SH:  0    Dex: 12    Spells: 12/12 levels left

rFire   . .          .
                       - Unarmed
rCold   . . .        (no shield)
rNeg    + . .        C - melded +1 acid dragon scales
rPois   ∞            (no helmet)
rElec   +            (no cloak)
rCorr   .            (gloves currently unavailable)
SInv    .            O - melded +2 pair of boots of Ahev {+Inv}
Will    .....        i - amulet of regeneration
Stlth   +            p - +4 ring of slaying
HPRegen 1.22/turn    l - +4 ring of protection
MPRegen 0.13/turn

%: no passive effects
@: statue-form, unable to hop, very slow
A: slow and powerful, torment resistance 1, boosted hp, amphibious, (slowness
1), strong legs 2, +LOS
a: Hop, Begin Untransformation, Renounce Religion, Potion Petition, Call
Merchant, Bribe Branch


You were on level 1 of the Lair of Beasts.
You worshipped Gozag.
Gozag was aware of your devotion.
You were a living statue of rough stone.
You visited 3 branches of the dungeon, and saw 16 of its levels.

You collected 3389 gold pieces.
You spent 2014 gold pieces at shops.
You paid 968 gold pieces to Gozag.

Inventory:

Hand Weapons
 g - a +1 whip
 s - the +3 whip of the Pit {flame, Str+7 Int+3}
   (You found it on level 3 of the Dungeon)

   Str+7:     It affects your strength (+7).
   Int+3:     It affects your intelligence (+3).
 u - the +8 arbalest of Painted Offence {flame, Str+4}
   (You found it on level 4 of the Lair of Beasts)

   Str+4:     It affects your strength (+4).
 v - the +7 dagger of Conformity {protect, rF+ rN+ SInv}
   (You found it on level 6 of the Dungeon)

   rF+:       It protects you from fire.
   rN+:       It protects you from negative energy.
   SInv:      It lets you see invisible.
Missiles
 n - 13 poisoned darts (quivered)
 B - a javelin
Armour
 e - a +0 pair of gloves
 f - the +7 swamp dragon scales of Wipiu {-Tele Harm rPois Int+3 Dex+2}
   (You bought it in a shop on level 10 of the Dungeon)

   Int+3:     It affects your intelligence (+3).
   Dex+2:     It affects your dexterity (+2).
   rPois:     It protects you from poison -Tele: It prevents most forms of
   teleportation.
   Harm:      It increases damage dealt and taken.
 r - the +1 ring mail "Pyokhe" {+Blink rC+}
   (You found it on level 2 of the Lair of Beasts)

   rC+:       It protects you from cold.
   +Blink:    It lets you blink.
 C - +1 acid dragon scales (melded)
 O - the +2 pair of boots of Ahev (melded) {+Inv}
   (You bought it in a shop on level 10 of the Dungeon)

   +Inv:      It lets you turn invisible.
Jewellery
 i - an amulet of regeneration (around neck)
 j - a +6 ring of strength
 l - a +4 ring of protection (right fist)
 p - a +4 ring of slaying (left fist)
 D - a +5 ring of evasion
 G - a +6 ring of intelligence
Talismans
 c - a beast talisman
 d - a flux talisman
 t - a granite talisman (active)
 y - a blade talisman
Wands
 z - a wand of mindburst (2)
 H - a wand of iceblast (1)
Scrolls
 o - 2 scrolls of fear
 x - a scroll of identify
 A - a scroll of enchant weapon
 E - 6 scrolls of teleportation
 F - 2 scrolls of amnesia
 I - a scroll of noise
 J - 2 scrolls of poison
 L - a scroll of butterflies
 N - 3 scrolls of revelation
 Q - a scroll of fog
Potions
 b - 4 potions of lignification
 h - 2 potions of enlightenment
 m - 3 potions of invisibility
 q - 3 potions of curing
 w - a potion of brilliance
 K - 4 potions of magic
 P - a potion of mutation


   Skills:
 - Level 10.0 Fighting
 - Level 12.0 Maces & Flails
 - Level 6.0 Throwing
 - Level 5.0 Armour
 - Level 5.0 Dodging
 + Level 9.3 Unarmed Combat
 - Level 16.0 Shapeshifting


You had 12 spell levels left.
You didn't know any spells.
Your spell library contained the following spells:

 Spells                   Type           Power      Damage    Failure   Level
 Kiss of Death            Conj/Necr      0%         2d5       36%         1
 Necrotise                Necr           0%         1d4       36%         1
 Shock                    Conj/Air       0%         1d3       36%         1
 Slow                     Hex            0%         N/A       36%         1
 Mercury Vapours          Alch/Air       0%         N/A       50%         2
 Confusing Touch          Hex            0%         N/A       75%         3
 Mephitic Cloud           Conj/Alch/Air  0%         N/A       75%         3
 Sigil of Binding         Hex            0%         N/A       75%         3
 Swiftness                Air            0%         N/A       75%         3
 Tukima's Dance           Hex            0%         N/A       75%         3
 Vampiric Draining        Necr           0%         2d6       75%         3
 Airstrike                Air            0%         2d(0-16)  98%         4
 Dispel Undead            Necr           0%         3d6       98%         4
 Martyr's Knell           Necr/Summ      0%         N/A       98%         4
 Passage of Golubria      Tloc           0%         N/A       98%         4
 Curse of Agony           Necr           0%         N/A       100%        5
 Freezing Cloud           Conj/Ice/Air   0%         6-21      100%        5
 Yara's Violent Unravell  Hex/Alch       0%         3d3       100%        5


Dungeon Overview and Level Annotations

Branches:
Dungeon (11/15)            Temple (1/1) D:7            Lair (4/5) D:10
  Swamp (0/4) Lair:2        Snake (0/4) Lair:2        Slime (0/5) Lair:4
    Orc (0/2) D:10

Altars:
Ashenzari
Cheibriados
Dithmenos
Elyvilon
Fedhas
Gozag
Hepliaklqana
Kikubaaqudgha
Makhleb
Nemelex Xobeh
Okawaru
Qazlal
Ru
Sif Muna
Trog
Uskayaw
Vehumet
Wu Jian
Xom
Yredelemnul
Zin
The Shining One
Jiyva

Shops:
D:9 *   D:10 [

Annotations:
Lair:1 tykejmi's ghost, journeyman DgAE


Innate Abilities, Weirdness & Mutations

You are a living statue of rough stone.
Your actions are slow, but your melee attacks are powerful.
You are resistant to unholy torment.
Your maximum health is greatly increased.
Your equipment is partially melded.
You are amphibious.
You are immune to poison.
((You cover ground slowly.))
You can hop long distances.
You have an extended range of vision and can be seen from far away.


Message History

The large slime creature attacks as it pursues you!
The large slime creature barely misses you.
Tykejmi's ghost is no longer distracted by gold.
The large slime creature attacks as it pursues you!
The large slime creature hits you!! The large slime creature hits you!
Tykejmi's ghost waves its arms in wide circles.
The air twists around and strikes you!!
* * * LOW HITPOINT WARNING * * *
A large slime creature splits.
You enter the shallow water.
Moving in this stuff is going to be slow.
The slime creature attacks as it pursues you!
The slime creature barely misses you.
Tykejmi's ghost attacks as it pursues you!
Tykejmi's ghost hits you but does no damage.
Tykejmi's ghost attacks as it pursues you!
Tykejmi's ghost hits you but does no damage.
The slime creature attacks as it pursues you!
The slime creature hits you!
* * * LOW HITPOINT WARNING * * *
Tykejmi's ghost casts a spell at you. The zap hits you. You resist.
* * * LOW HITPOINT WARNING * * *
The zap hits the plant.
The plant begins to die.
The slime creature hits you but does no damage.
The slime creature jiggles.
Two slime creatures merge to form a large slime creature.
Tykejmi's ghost closely misses you.
The large slime creature attacks as it pursues you!
The large slime creature hits you!!
* * * LOW HITPOINT WARNING * * *
Tykejmi's ghost barely misses you.
A nearby plant withers and dies.
Tykejmi's ghost points at you and mumbles some strange words.
The zap hits you. You resist.
* * * LOW HITPOINT WARNING * * *
The large slime creature attacks as it pursues you!
The large slime creature hits you!!
You die...
Your body crumbles into a pile of gold.

###P#...## ##....##
####...# #.....#
#....#######....##
#................#
#...............##
##.~P......~PP#.# #
#P~~~P~.P~PW~### ####
########~~~P~~~~JP~#######
##.#.
........~~P~~~PP8P~......#
#....
.....^..~~P~~PP~PP~......#
#....
...[....P~P~≈≈~~PP~......##
#....
.......♣~~~≈≈≈≈≈≈P~♣......#
#....
#####.#♣~≈≈≈≈≈≈≈PPP♣#######
####P # ###♣~≈≈≈≈≈≈≈≈P♣♣ ##
♣~~≈≈≈≈≈≈≈~♣ ♣♣~~≈≈≈≈P~♣♣
♣♣♣~≈≈PPP♣


You could see a large slime creature and tykejmi's ghost.

Vanquished Creatures
  Kirke (Lair:3)
  Fannar (D:10)
  A great orb of eyes (Lair:1)
  2 boulder beetles (Lair:4)
  4 hydras
  4 two-headed ogres
  A skyshark (Lair:4)
  A fire crab (Lair:2)
  An ugly thing (D:11)
  2 oklob plants
  10 elephants
  2 black mambas
  A torpor snail (Lair:3)
  Maggie (D:6)
  8 cane toads
  11 komodo dragons
  A kobold demonologist (D:9)
  A rime drake (Lair:3)
  A hornet (D:9)
  4 trolls
  8 blink frogs
  The ghost of jaiteiro the Conjurer, an amateur GnCj (D:4)
  Grinder (D:6)
  2 tyrant leeches (Lair:2)
  2 dream sheep (Lair:3)
  Sigmund (D:2)
  2 slime creatures (Lair:1)
  2 wraiths
  32 yaks
  3 hogs (Lair:3)
  3 basilisks (Lair:2)
  3 wyverns
  2 steam dragons
  3 swamp worms (Lair:2)
  A naga (Lair:2)
  2 acid dragons (D:11)
  A sky beast (D:6)
  7 water moccasins
  Duvessa (D:6)
  7 orc warriors
  4 black bears
  4 wolves (Lair:3)
  2 centaurs (D:8)
  2 phantoms
  2 kobold brigands
  9 bullfrogs
  2 scorpions
  7 wights
  Dowan (D:6)
  9 killer bees
  2 vampire bats (D:5)
  4 electric eels (Lair:1)
  5 howler monkeys
  5 bombardier beetles
  A bullfrog zombie (D:4)
  5 hounds
  8 orc priests
  8 jellies
  Terence (D:3)
  2 iguanas (D:5)
  Natasha (thrice) (D:2)
  11 orc wizards
  4 hell rats (Lair:4)
  9 adders
  3 shadow imps
  A white imp (D:7)
  An adder zombie (D:4)
  2 ribbon worms
  A dart slug (D:1)
  44 orcs
  5 bat skeletons (D:5)
  A bat zombie (D:5)
  3 endoplasms (D:4)
  A giant cockroach (D:2)
  2 goblins (D:4)
  A hobgoblin (D:1)
  12 jackals
  2 quokkas
  4 ball pythons
  3 bats
  3 frilled lizards
  17 kobolds
  3 rats
361 creatures vanquished.

Vanquished Creatures (others)
  2 humans (Lair:4)
2 creatures vanquished.

Grand Total: 363 creatures vanquished

Notes
Turn   | Place    | Note
-------+----------+-------------------------------------------
     0 | D:1      | Whimmes the Barachi Shapeshifter began the quest for the
                  | Orb.
     0 | D:1      | Reached XP level 1. HP: 15/15 MP: 1/1
   351 | D:1      | Reached XP level 2. HP: 20/21 MP: 2/2
   656 | D:2      | Noticed Sigmund
   686 | D:2      | Killed Sigmund
   687 | D:2      | Reached skill level 4 in Shapeshifting
   687 | D:2      | Reached XP level 3. HP: 24/29 MP: 3/3
   687 | D:2      | Reached XP level 4. HP: 29/35 MP: 4/4
   687 | D:2      | Reached XP level 5. HP: 34/41 MP: 5/5
   875 | D:2      | Noticed Natasha
   877 | D:2      | Killed Natasha
   914 | D:2      | Noticed Natasha
   915 | D:2      | Killed Natasha
   916 | D:2      | Reached XP level 6. HP: 47/47 MP: 6/6
  1008 | D:2      | Noticed Natasha
  1017 | D:2      | Killed Natasha
  1544 | D:3      | Noticed Terence
  1546 | D:3      | Killed Terence
  1707 | D:3      | Identified the +3 whip of the Pit {flame, Str+7 Int+3}
  2074 | D:4      | Found a runed translucent gate.
  2074 | D:4      | Found a runed translucent gate.
  2074 | D:4      | Found a runed translucent gate.
  2074 | D:4      | Noticed jaiteiro's ghost (amateur GnCj)
  2076 | D:4      | Found a basalt altar of Yredelemnul.
  2083 | D:4      | Reached skill level 1 in Maces & Flails
  2211 | D:4      | Reached XP level 7. HP: 54/54 MP: 7/7
  2452 | D:4      | Reached skill level 5 in Shapeshifting
  2930 | D:5      | Entered Level 5 of the Dungeon
  3120 | D:5      | Found a white marble altar of Elyvilon.
  3176 | D:5      | Reached skill level 5 in Dodging
  3183 | D:5      | Reached skill level 5 in Fighting
  3261 | D:5      | Reached XP level 8. HP: 62/62 MP: 8/8
  3485 | D:5      | Found an ancient bone altar of Kikubaaqudgha.
  3504 | D:5      | Reached skill level 6 in Shapeshifting
  3736 | D:6      | Noticed Dowan
  3739 | D:6      | Killed Dowan
  3752 | D:6      | Noticed Duvessa
  3763 | D:6      | Killed Duvessa
  3828 | D:6      | Reached skill level 5 in Maces & Flails
  3845 | D:6      | Reached skill level 7 in Shapeshifting
  3867 | D:6      | Noticed Maggie
  3873 | D:6      | Killed Maggie
  3874 | D:6      | Reached XP level 9. HP: 68/68 MP: 9/9
  4000 | D:6      | Found a bloodstained altar of Trog.
  4092 | D:6      | Identified the +7 dagger of Conformity {protect, rF+ rN+
                  | SInv}
  4176 | D:6      | Noticed Grinder
  4185 | D:6      | Killed Grinder
  4436 | D:6      | Found an ornate altar of the Wu Jian Council.
  4838 | D:7      | Found a shadowy altar of Dithmenos.
  5080 | D:7      | Found a staircase to the Ecumenical Temple.
  5089 | Temple   | Entered the Ecumenical Temple
  5108 | Temple   | Became a worshipper of Gozag Ym Sagoz the Greedy
  5608 | D:8      | Reached skill level 10 in Maces & Flails
  5711 | D:8      | Found a glowing silver altar of Zin.
  5959 | D:8      | Found a blossoming altar of Fedhas.
  6327 | D:8      | Found an iron altar of Okawaru.
  6460 | D:8      | Reached XP level 10. HP: 71/74 MP: 10/10
  6871 | D:9      | Paralysed by a hornet for 1 turns
  6884 | D:9      | Reached skill level 1 in Throwing
  6972 | D:9      | Found a hazy altar of Hepliaklqana.
  7330 | D:9      | Reached skill level 5 in Throwing
  7430 | D:9      | Reached skill level 1 in Armour
  7454 | D:9      | Found Hagei's General Store.
  7477 | D:9      | Bought a scroll of noise for 15 gold pieces
  7531 | D:9      | Noticed a kobold demonologist
  7545 | D:9      | Killed a kobold demonologist
  7750 | D:10     | Entered Level 10 of the Dungeon
  7953 | D:10     | Reached skill level 5 in Armour
  8114 | D:10     | Noticed Fannar
  8124 | D:10     | Reached XP level 11. HP: 81/81 MP: 11/11
  8175 | D:10     | Killed Fannar
  8280 | D:10     | Found a staircase to the Lair.
  8404 | D:10     | Noticed a two-headed ogre
  8423 | D:10     | Killed a two-headed ogre
  8611 | D:10     | Found a staircase to the Orcish Mines.
  8872 | D:11     | Noticed a two-headed ogre
  8880 | D:11     | Killed a two-headed ogre
  8881 | D:11     | Reached skill level 10 in Fighting
  8972 | D:11     | Noticed a two-headed ogre
  9001 | D:11     | Killed a two-headed ogre
  9002 | D:11     | Reached skill level 8 in Shapeshifting
  9180 | D:11     | Noticed a cyan ugly thing
  9199 | D:11     | Killed a cyan ugly thing
  9394 | D:11     | Noticed a two-headed ogre
  9405 | D:11     | Killed a two-headed ogre
  9406 | D:11     | Reached skill level 9 in Shapeshifting
  9569 | D:11     | Found an opulent altar of Gozag.
  9780 | D:10     | Bought a pair of translucent boots for 294 gold pieces
  9780 | D:10     | Identified the +2 pair of boots of Ahev {+Inv} (You bought
                  | it in a shop on level 10 of the Dungeon)
  9787 | Lair:1   | Entered Level 1 of the Lair of Beasts
  9869 | Lair:1   | Found a runed translucent gate.
  9869 | Lair:1   | Found a runed translucent gate.
  9869 | Lair:1   | Found a runed translucent gate.
  9872 | Lair:1   | Found a viscous altar of Jiyva.
  9872 | Lair:1   | Noticed a great orb of eyes
  9872 | Lair:1   | Noticed tykejmi's ghost (journeyman DgAE)
 10085 | Lair:1   | HP: 3/86 [komodo dragon (26)]
 10177 | Lair:1   | Reached skill level 10 in Shapeshifting
 10177 | Lair:1   | Reached skill level 5 in Unarmed Combat
 10177 | Lair:1   | Reached XP level 12. HP: 77/97 MP: 12/12
 10717 | Lair:2   | Noticed a seven-headed hydra
 10740 | Lair:2   | Killed a seven-headed hydra
 11009 | Lair:2   | Reached skill level 11 in Shapeshifting
 11135 | Lair:2   | Identified the +1 ring mail "Pyokhe" {+Blink rC+}
 11431 | Lair:2   | Reached skill level 12 in Shapeshifting
 11543 | Lair:2   | Noticed a six-headed hydra
 11594 | Lair:2   | Killed a six-headed hydra
 11699 | Lair:2   | Found a staircase to the Snake Pit.
 12103 | Lair:2   | Noticed a six-headed hydra
 12120 | Lair:2   | Killed a six-headed hydra
 12121 | Lair:2   | Reached skill level 13 in Shapeshifting
 12180 | Lair:2   | Found a staircase to the Swamp.
 12348 | Lair:3   | Noticed a six-headed hydra
 12361 | Lair:3   | Killed a six-headed hydra
 12362 | Lair:3   | Gained mutation: You can hop long distances. [Barachi
                  | growth]
 12362 | Lair:3   | Reached XP level 13. HP: 60/103 MP: 13/13
 12413 | Lair:3   | Reached skill level 14 in Shapeshifting
 12881 | Lair:3   | Found a stormy altar of Qazlal.
 13015 | Lair:3   | Reached skill level 15 in Shapeshifting
 13635 | D:10     | Bought shimmering swamp dragon scales for 1705 gold pieces
 13635 | D:10     | Identified the +7 swamp dragon scales of Wipiu {-Tele Harm
                  | rPois Int+3 Dex+2} (You bought it in a shop on level 10 of
                  | the Dungeon)
 13816 | Lair:4   | Noticed Kirke
 13952 | Lair:4   | Found an ornate altar of the Wu Jian Council.
 13952 | Lair:4   | Found a hide-covered altar of Uskayaw.
 14247 | Lair:4   | Reached skill level 16 in Shapeshifting
 14417 | Lair:3   | Killed Kirke
 14668 | Lair:4   | Identified the +8 arbalest of Painted Offence {flame,
                  | Str+4}
 14953 | Lair:4   | Found a staircase to the Slime Pits.
 14953 | Lair:4   | Found a viscous altar of Jiyva.
 15485 | D:4      | Killed jaiteiro's ghost
 15749 | Lair:1   | Killed a great orb of eyes
 15782 | Lair:1   | Demolished by a large slime creature

Illustrated notes

Levels and vault maps discovered:
D:1:      dpeg_chamrin_arrival_tetris, layout_rooms, minmay_tiny_reverse_x
D:2:      layout_loops_ring, uniq_sigmund, uniq_natasha
D:3:      layout_rooms, minmay_misc_feat_hallway,
          amcnicky_mini_corridor_feature, uniq_terence
D:4:      layout_layer_cave, nicolae_yredelemnul_ghost_church, minmay_crossroads
D:5:      layout_cave_pools, kennysheep_vampire_church, elyvilon_altar_1
D:6:      layout_basic, mainiacjoe_overflow_chevrons,
          nicolae_wu_jian_wuxing_cycle, uniq_duvessa, uniq_grinder, uniq_maggie
D:7:      layout_basic, mainiacjoe_overflow_six_doors_small,
          minmay_temple_entry_tees
D:8:      layout_layer_cave, mainiacjoe_overflow_paths,
          mainiacjoe_overflow_surrounded_room, fedhas_bush_and_centaur_altar,
          minmay_misc_feat_square, kennysheep_generic_room_10
D:9:      layout_loops_ring, nicolae_hepliaklqana_hazy_memory, serial_shops,
          shop, minmay_gold_behind_fungi
D:10:     layout_loops_ring, grunt_lair_entry_orc_guard_hut, david_orc_3,
          uniq_fannar
D:11:     layout_loops_cross, grunt_gozag_breadcrumbs
Temple:   nicolae_temple_bog_church
Lair:1:   layout_cellular_growth, gammafunk_ghost_ooze,
          infiniplex_staircase_pool, grunt_megastairs_5, serial_bayou_shore_a
Lair:2:   layout_roguey, palyth_hydra_swamp_entry, guppyfry_snake_entry_garden,
          serial_forest, infiniplex_forest_lined_3,
          infiniplex_forest_lined_room_2, infiniplex_forest_clump_cross,
          infiniplex_forest_pool, infiniplex_forest_lined_3,
          infiniplex_forest_lined_4_way
Lair:3:   layout_regular_city, lemuel_oklob_altar, lemuel_fruit_fields
Lair:4:   layout_hall_layers, minmay_slime_entry_oklob_open, minivault_11,
          nzn_masters_of_martial_movement, uniq_kirke

Skill      XL: |  1  2  3  4  5  6  7  8  9 10 11 12 13 |
---------------+----------------------------------------+-----
Fighting       | 3 4 5 6 10 | 10.0
Dodging        | 3 4 5 |  5.0
Unarmed Combat | 4 5 6 9 |  9.3
Shapeshifting  | 4 5 7 10 13 16 | 16.0
Maces & Flails | 1 3 7 11 12 | 12.0
Throwing       | 6 |  6.0
Armour         | 5 |  5.0

Action                     |  1- 3 |  4- 6 |  7- 9 | 10-12 | 13-15 || total
---------------------------+-------+-------+-------+-------+-------++-------
  Melee: Unarmed           |    22 |    43 |       |    32 |    96 ||   193
         Punch             |       |     1 |     6 |    22 |    21 ||    50
         Whip              |       |    12 |   169 |   505 |   249 ||   935
  Throw: Javelin           |       |    10 |    65 |     7 |       ||    82
         Dart              |       |       |       |   176 |    70 ||   246
 Invoke: Call Merchant     |       |       |       |     1 |       ||     1
         Potion Petition   |       |       |       |       |     1 ||     1
Ability: Hop               |       |       |     2 |     6 |     4 ||    12
  Evoke: Wand              |     2 |     7 |    16 |    10 |     6 ||    41
    Use: Scroll            |     1 |     4 |     8 |    10 |     4 ||    27
         Potion            |       |       |       |    10 |     1 ||    11
   Stab: Distracted        |       |       |       |       |     4 ||     4
 Armour: Leather armour    |     5 |    24 |     1 |       |       ||    30
         Animal skin       |     2 |       |       |       |       ||     2
         Ring mail         |       |       |    54 |       |       ||    54
         Acid dragon scale |       |       |    25 |   256 |   100 ||   381
         Skin              |       |       |       |       |   124 ||   124
  Dodge: Dodged            |     8 |    20 |    93 |   180 |   130 ||   431
   Form: Blade             |       |       |       |     1 |       ||     1
         Statue            |       |       |       |     1 |     1 ||     2
         Beast             |       |       |       |     1 |       ||     1
         Flux              |       |       |       |     1 |       ||     1
